 Dungeon Crawl Stone Soup version 0.30-a0-743-gbfdf073431 (webtiles) character file.

Game seed: 8879074729522340298

37 NinjaNoafa the Grave Robber (level 3, 24/24 HPs)
             Began as a Mummy Necromancer on Feb 7, 2023.
             Quit the game on level 2 of the Dungeon.
             The game lasted 00:04:15 (992 turns).

NinjaNoafa the Grave Robber (Mummy Necromancer)      Turns: 992, Time: 00:04:15

Health: 24/24      AC:  2    Str: 11    XL:     3   Next: 23%
Magic:  8/8        EV: 12    Int: 16    God:
Gold:   107        SH:  0    Dex: 12    Spells: 5/9 levels left

rFire   x . .      SeeInvis .    e - +3 dagger
rCold   + . .      Faith    +    (no shield)
rNeg    + + +      Spirit   .    a - +0 robe
rPois   ∞          Reflect  .    (no helmet)
rElec   .          Harm     .    b - scarf {+Inv}
rCorr   .          Rampage  .    (no gloves)
Will    .....                    (no boots)
Stlth   ++                       (no amulet)
HPRegen 0.24/turn                (no ring)
MPRegen 0.11/turn                (no ring)

@: no status effects
A: cold resistance 1, negative energy resistance 3, torment resistance 2, heat
vulnerability 1, in touch with death 1, no potions, faith
a: Evoke Invisibility


You were on level 2 of the Dungeon.
You visited 1 branch of the dungeon, and saw 2 of its levels.

You collected 107 gold pieces.

Inventory:

Hand Weapons
 e - a +3 dagger (weapon)
Missiles
 d - 3 datura-tipped darts
 g - 2 javelins
Armour
 a - a +0 robe (worn)
 b - a scarf of invisibility (worn)
Scrolls
 c - 2 scrolls of noise {unknown}
 f - a scroll of identify {unknown}
 h - a scroll of vulnerability {unknown}


   Skills:
 - Level 1.5 Dodging
 - Level 1.5 Stealth
 + Level 3.7 Spellcasting
 * Level 4.6 Necromancy


You had 5 spell levels left.
You knew the following spells:

 Your Spells              Type           Power      Damage    Failure   Level
a - Necrotise             Necr           100%       1d9       2%          1
b - Vampiric Draining     Necr           26%        2d7       8%          3

Your spell library contained the following spells:

 Spells                   Type           Power      Damage    Failure   Level
 Blink                    Tloc           6%         N/A       26%         2
 Lesser Beckoning         Tloc           6%         N/A       26%         2
 Momentum Strike          Conj/Tloc      6%         3d8       26%         2
 Animate Dead             Necr           26%        N/A       26%         4
 Agony                    Necr           26%        N/A       58%         5
 Freezing Cloud           Conj/Ice/Air   1%         6-21      99%         5
 Simulacrum               Ice/Necr       7%         N/A       100%        6
 Polar Vortex             Ice            1%         N/A       100%        9


Dungeon Overview and Level Annotations

Branches:
Dungeon (2/15)

Altars:

Shops:
D:1 [


Innate Abilities, Weirdness & Mutations

You are immune to poison.
Your flesh is cold resistant. (rC+)
You are immune to negative energy. (rN+++)
You are immune to unholy pain and torment.
You are vulnerable to heat. (rF-)
You are in touch with the powers of death.
You do not drink.
You have a special connection with the divine. (Faith)


Message History

You feel a surge of power!
You draw life force from the worm!
You feel life coursing into your body.
Casting: Vampiric Draining (quite dangerous; 8% risk of failure)
Confirm with . or Enter, or press ? or * to list all spells.
Aiming: Vampiric Draining (quite dangerous; 8% risk of failure)
Press: ? - help, Shift-Dir - straight line, f/p - worm
Aim: a worm (almost dead)
You feel a surge of power!
You miscast Vampiric Draining.
You are very lightly contaminated with residual magic.
Nothing appears to happen.
The worm bites you.
You hit the worm.
You kill the worm!
Your magical contamination has completely faded away.
A frilled lizard comes into view.
A frilled lizard is nearby!
A frilled lizard is nearby!
A frilled lizard is nearby!
A frilled lizard is nearby!
A frilled lizard is nearby!
A frilled lizard is nearby!
A frilled lizard is nearby!
A frilled lizard is nearby!
The frilled lizard hisses angrily.
You feel a surge of power!
The frilled lizard writhes in agony.
You kill the frilled lizard!
The dead are walking!
You can't see any susceptible monsters within range! (Use Z to cast anyway.) Saving game... please wait.
Welcome back, NinjaNoafa the Mummy Necromancer.
Press ? for a list of commands and other information.
Magic restored.
You swap places.
There is a stone staircase leading up here.
There is a stone staircase leading down here.
Your frilled lizard skeleton crumbles into dust!
Key pressed, stopping explore.
Found an escape hatch in the ceiling.
An endoplasm comes into view.
An endoplasm is nearby!
Are you sure you want to abandon this character and quit the game? (Confirm with "yes".)

#....#
##.........###....#####
'.....<...'...........
.........###....#####
....... ##...# ....J
###.# ... #.# #'# #.#
#@# #.# #.# #.# ##.##
#.# ##...## #.# #
#.....########.# #
##.............# #
#....########## #
........# # ####..#.# #


You could see an endoplasm (asleep).

Vanquished Creatures
  A gnoll (D:1)
  A worm (D:2)
  2 goblins
  2 hobgoblins
  4 jackals (D:2)
  2 kobolds (D:1)
  3 quokkas (D:1)
  A ball python (D:2)
  4 bats
  A frilled lizard (D:2)
  A rat (D:1)
22 creatures vanquished.

Vanquished Creatures (collateral kills)
  A rat (D:1)
1 creature vanquished.

Vanquished Creatures (others)
  3 plants (D:1)
3 creatures vanquished.

Grand Total: 26 creatures vanquished

Notes
Turn   | Place    | Note
-------+----------+-------------------------------------------
     0 | D:1      | NinjaNoafa the Mummy Necromancer began the quest for the
                  | Orb.
     0 | D:1      | Reached XP level 1. HP: 13/13 MP: 4/4
    57 | D:1      | Found Dath's Antique Armour Shop.
   160 | D:1      | Found a faded altar of an unknown god.
   200 | D:1      | Reached XP level 2. HP: 19/19 MP: 4/6
   659 | D:2      | Gained mutation: You are in touch with the powers of death.
                  | [Mummy growth]
   659 | D:2      | Reached XP level 3. HP: 24/24 MP: 2/8
   664 | D:2      | Learned a level 3 spell: Vampiric Draining
   992 | D:2      | Quit the game

Illustrated notes

Levels and vault maps discovered:
D:1:      dreamdust_arrival_beginning_and_end, layout_rooms,
          ebering_ecumenical_altar_petrified, serial_shops, shop,
          nicolae_grassy_gnolls
D:2:      layout_loops_corners

Skill      XL: |  1 |
---------------+----+-----
Spellcasting   | 3 |  3.7
Dodging        | |  1.5
Stealth        | |  1.5
Necromancy     | |  4.6

Action                     || total
---------------------------++-------
  Melee: Short sword       ||     2
         Dagger            ||    17
   Cast: Necrotise         ||    36
         Vampiric Draining ||     1
 Armour: Robe              ||     6
  Dodge: Dodged            ||    30

Table legend: (Time is in decaauts)
 A = Elapsed time spent in this place.
 B = Non-inter-level travel time spent in this place.
 C = Inter-level travel time spent in this place.
 D = Time resting spent in this place.
 E = Time spent auto-exploring this place.
 F = Levels seen in this place.
 G = Mean time per level.
                   A        B        C        D        E       F      G
               +--------+--------+--------+--------+--------+-----+--------+
         Total |    991 |    948 |     43 |      0 |    626 |   2 |  495.5 |
       Dungeon |    991 |    948 |     43 |      0 |    626 |   2 |  495.5 |
               +--------+--------+--------+--------+--------+-----+--------+

Top non-repeatable levels by time:
     D:2: 548 daAuts
     D:1: 442 daAuts
